 Dungeon Crawl Stone Soup version 0.30.1-9-gdf580d7c3d (webtiles) character file.

Game seed: 9232375698968192896

33 Cheops the Sneak (level 3, -2/28 HPs)
             Began as a Naga Fire Elementalist on Oct 15, 2023.
             Slain by a goblin
             ... wielding a +0 club
             ... led by Robin
              (6 damage)
             ... on level 2 of the Dungeon.
             The game lasted 00:01:52 (1028 turns).

Cheops the Sneak (Naga Fire Elementalist)           Turns: 1028, Time: 00:01:53

Health: -2/28      AC:  2    Str: 10    XL:     3   Next: 29%
Magic:  2/7        EV:  9    Int: 17    God:
Gold:   29         SH:  0    Dex: 11    Spells: 7/8 levels left

rFire   . . .        a - +0 mace
rCold   . . .        (no shield)
rNeg    . . .        c - +0 robe
rPois   +            (no helmet)
rElec   .            (no cloak)
rCorr   .            (no gloves)
SInv    +            (no barding)
Will    .....        (no amulet)
Stlth   ++           (no ring)
HPRegen 0.24/turn    (no ring)
MPRegen 0.10/turn

%: no passive effects
@: very slow
A: AC +1, large, see invisible, deformed body, poison resistance, slowness 2,
spit poison 1, naga tail 1
a: Spit Poison


You were on level 2 of the Dungeon.
You visited 1 branch of the dungeon, and saw 2 of its levels.

You collected 29 gold pieces.

Inventory:

Hand Weapons
 a - a +0 mace (weapon)
Armour
 c - a +0 robe (worn)
Potions
 b - a potion of magic
 d - a potion of curing {unknown}
 e - a potion of lignification {unknown}
 f - a potion of degeneration {unknown}


   Skills:
 - Level 1.5 Dodging
 - Level 3.0 Stealth
 - Level 3.0 Spellcasting
 + Level 2.0 Conjurations
 - Level 3.0 Fire Magic


You had 7 spell levels left.
You knew the following spells:

 Your Spells              Type           Power      Damage    Failure   Level
a - Foxfire               Conj/Fire      44%        2x1d6     6%          1

Your spell library contained the following spells:

 Spells                   Type           Power      Damage    Failure   Level
 Scorch                   Fire           24%        2d6       8%          2
 Kiss of Death            Conj/Necr      24%        2d7       12%         1
 Inner Flame              Hex/Fire       7%         N/A       28%         3
 Volatile Blastmotes      Fire/Tloc      14%        2d11      28%         3
 Confusing Touch          Hex            2%         N/A       45%         3
 Flame Wave               Conj/Fire      11%        2d6       52%         4
 Dispel Undead            Necr           2%         3d7       86%         4
 Summon Ice Beast         Ice/Summ       2%         N/A       86%         4
 Summon Mana Viper        Hex/Summ       2%         N/A       99%         5
 Monstrous Menagerie      Summ           1%         N/A       100%        7


Dungeon Overview and Level Annotations

Branches:
Dungeon (2/15)

Altars:

Annotations:
D:2 Robin


Innate Abilities, Weirdness & Mutations

Your serpentine skin is tough. (AC +1)
You have supernaturally acute eyesight. (SInv)
Armour fits poorly on your strangely shaped body.
Your system is resistant to poisons. (rPois)
You cover ground very slowly.
You can spit poison.
You have a snake-like lower body.


Message History

Aiming: Spit Poison (2% risk of failure)
Press: ? - help, Shift-Dir - straight line, f - goblin
Aim: a goblin, wielding a +0 sling (50% to hit)
The splash of poison misses the goblin.
A hobgoblin comes into view.
The goblin shoots a sling bullet.
The sling bullet barely misses you.
Robin shouts!
The hobgoblin shouts!
A goblin comes into view. It is wielding a +0 club.
The goblin shoots a sling bullet.
The sling bullet barely misses you.
There is an open door here.
Robin roars a battlecry!
The goblins go into a battle-frenzy!
You have got your breath back.
The goblin attacks as you move away! The goblin hits you with a +0 dagger.
The goblin attacks as you move away! The goblin hits you with a +0 dagger.
Robin throws the goblin at you! The goblin closely misses you.
The goblin hits you with a +0 club.
* * * LOW HITPOINT WARNING * * *
A goblin comes into view. It is wielding a +0 club.
The goblin hits you with a +0 dagger.
* * * LOW HITPOINT WARNING * * *
You closely miss the goblin.
A goblin comes into view. It is wielding a +0 club.
Robin roars a battlecry!
The goblin goes into a battle-frenzy!
The goblin barely misses you.
The goblin unwields a +0 sling.
The goblin wields a +0 club.
The goblin closely misses you.
The goblin shouts!
You hear a shout!
The goblin hits you with a +0 club.
* * * LOW HITPOINT WARNING * * *
The hobgoblin barely misses you. The goblin closely misses you.
The goblin completely misses you. The goblin barely misses you. x2
There is a stone staircase leading up here.
The hobgoblin no longer looks unusually strong.
The goblin hits you but does no damage. The goblin barely misses you.
The hobgoblin hits you.
* * * LOW HITPOINT WARNING * * *
The goblin hits you with a +0 club.
You die...

##g## #.# #.#
##g## ##...##
#...g.##
##..g#.##
.###.#ggg######
......g@.(.....
###############


You could see Robin, a hobgoblin and 5 goblins.

Vanquished Creatures
  A ball python (D:1)
  A bat (D:1)
  2 endoplasms (D:2)
  A giant cockroach (D:1)
  3 goblins
  3 hobgoblins (D:1)
  6 jackals
  5 kobolds (D:1)
  A quokka (D:1)
  2 rats (D:1)
25 creatures vanquished.

Vanquished Creatures (others)
  53 foxfires
53 creatures vanquished.

Grand Total: 78 creatures vanquished

Notes
Turn   | Place    | Note
-------+----------+-------------------------------------------
     0 | D:1      | Cheops the Naga Fire Elementalist began the quest for the
                  | Orb.
     0 | D:1      | Reached XP level 1. HP: 15/15 MP: 3/3
   272 | D:1      | Reached XP level 2. HP: 19/22 MP: 0/5
   697 | D:1      | Reached XP level 3. HP: 26/28 MP: 4/7
  1015 | D:2      | Noticed Robin
  1028 | D:2      | Slain by a goblin

Illustrated notes

Levels and vault maps discovered:
D:1:      dpeg_arrival_rooms_c, layout_loops_cross, serial_park_tiny_pond
D:2:      layout_loops_corners, dreamdust_ecumenical_altar_sealed_demon,
          uniq_robin

Skill      XL: |  1  2  3 |
---------------+----------+-----
Spellcasting   | 3 |  3.0
Conjurations   | 2 |  2.0
Dodging        | |  1.5
Stealth        | |  3.0
Fire Magic     | |  3.0

Action                     || total
---------------------------++-------
  Melee: Mace              ||    19
   Cast: Foxfire           ||    32
Ability: Spit Poison       ||     4
 Armour: Robe              ||     6
  Dodge: Dodged            ||    38
